 Dungeon Crawl Stone Soup version 0.16.1 (webtiles) character file.

6930 Fiveotanaka the Bludgeoner (level 11, 0/92 (96) HPs)
             Began as an Ogre Hunter on Mar 24, 2015.
             Was an Initiate of Ru.
             Slain by a yak (13 damage)
             ... on level 9 of the Dungeon.
             The game lasted 00:38:11 (12250 turns).

Fiveotanaka the Bludgeoner (Ogre Hunter)           Turns: 12250, Time: 00:38:11

HP:   0/92 (96)     AC:  3    Str: 21    XL:     11   Next: 7%
MP:   11/11         EV: 13    Int: 10    God:    Ru [......]
Gold: 49            SH:  0    Dex: 13    Spells: 0 memorised, 10 levels left

rFire  . . .     SeeInvis .     L - +2 morningstar
rCold  . . .     Clarity  .     d - +0 animal skin
rNeg   + . .     SustAb   .     (shield restricted)
rPois  .         Gourm    .     (helmet restricted)
rElec  .         Spirit   .     (no cloak)
rCorr  .         Warding  .     (gloves unavailable)
rMut   .         Stasis   .     (boots unavailable)
MR     +....                    p - amulet of regeneration
Stlth  +.........               D - ring of positive energy
                                r - +2 ring of strength

@: somewhat resistant to hostile enchantments, very unstealthy
A: unfitting armour, tough skin 1
a: Renounce Religion


You were on level 9 of the Dungeon.
You worshipped Ru.
Ru was noncommittal.
You were hungry.

You visited 2 branches of the dungeon, and saw 11 of its levels.

You collected 418 gold pieces.
You spent 369 gold pieces at shops.

Inventory:

Hand weapons
 q - the +8 mace of Outrage {drain, rElec rF+ rC- Dex+2 Stlth+}
   (You found it on level 4 of the Dungeon)

   A truly terrible weapon, it drains the life of those it strikes.
   It affects your dexterity (+2).
   It protects you from fire.
   It makes you vulnerable to cold.
   It insulates you from electricity.
   It makes you more stealthy.
 E - a +2 whip of electrocution
 I - the +10 short sword "Ploty" {pierce, rElec}
   (You found it on level 5 of the Dungeon)

   It inflicts extra damage upon your enemies.
   It insulates you from electricity.
 J - the +5 war axe of Breach {chop, rC++}
   (You found it on level 6 of the Dungeon)

   It inflicts extra damage upon your enemies.
   It greatly protects you from cold.
 K - a +0 giant club
 L - a +2 morningstar (weapon)
 R - a +1 flail of protection
Missiles
 b - 5 large rocks
 c - 3 throwing nets
 h - 470 stones (quivered)
 C - 9 tomahawks
Armour
 d - a +0 animal skin (worn)
Jewellery
 p - an amulet of regeneration (around neck)
 r - a +2 ring of strength (left hand)
 D - a ring of positive energy (right hand)
Magical devices
 B - a wand of frost (35)
 U - a wand of polymorph (0)
 V - a wand of polymorph (0)
Scrolls
 e - a scroll of fear {unknown}
 i - a scroll of remove curse
 j - 5 scrolls of identify
 l - a scroll of enchant armour {unknown}
 m - 3 scrolls of blinking
 n - a scroll of recharging {unknown}
 t - 2 scrolls of teleportation
 u - a scroll of immolation {unknown}
 v - 2 scrolls of enchant weapon
 y - 3 scrolls of magic mapping
 A - 4 scrolls of fog
 X - a scroll of summoning {unknown}
 Y - a scroll of vulnerability {unknown}
Potions
 a - a potion of magic {unknown}
 o - 2 potions of lignification {unknown}
 s - a potion of mutation {unknown}
 w - a potion of degeneration {unknown}
 x - 2 potions of might
 F - a potion of resistance {unknown}
 G - 4 potions of cancellation
 H - 4 potions of agility
 M - a potion of ambrosia {unknown}
 N - a potion of flight {unknown}
 O - 4 potions of curing
 Q - a potion of beneficial mutation {unknown}
 S - a potion of brilliance {unknown}
 W - a potion of invisibility {unknown}
 Z - a potion of heal wounds {unknown}
Comestibles
 f - 6 meat rations
 g - 6 bread rations
 k - a royal jelly
 z - 3 fruits
 P - a slice of pizza
 T - a chunk of flesh


   Skills:
 - Level 2.6 Fighting
 * Level 15.5 Maces & Flails
 + Level 9.4 Throwing
 + Level 7.1 Dodging
 - Level 0.7 Stealth


You had 10 spell levels left.
You didn't know any spells.

Dungeon Overview and Level Annotations

Branches:
Dungeon (10/15)            Temple (1/1) D:6            Lair (0/8) D:9
    Orc: D:9-12

Altars:
Ashenzari
Cheibriados
Dithmenos
Elyvilon
Fedhas
Gozag
Kikubaaqudgha
Nemelex Xobeh
Okawaru
Qazlal
Ru
Sif Muna
Trog
Vehumet
Xom
Yredelemnul
Zin
The Shining One

Shops:
D:4 %?%?   D:8 (   D:9 *


Innate Abilities, Weirdness & Mutations

You are too large for most types of armour.
You have tough skin (AC +1).


Message History

You hit the yak.
The yak is lightly wounded.
The yak closely misses you.
You closely miss the yak.
The yak is lightly wounded.
The yak gores you!
* * * LOW HITPOINT WARNING * * *
You hit the yak!
The yak is heavily wounded.
You hit the yak.
The yak is heavily wounded.
The yak gores you!
* * * LOW HITPOINT WARNING * * *
Drink which item? (? for menu, Esc to quit)
Okay, then.
Read which item? (? for menu, Esc to quit)
Okay, then.
Drink which item? (? for menu, Esc to quit)
You feel better. The yak gores you!
You die...

#.....# #### ###
#.....########... #.##
#.....#....##.... #..##
###.....#.>..#.....
#[..####.P..........#.....
#.......P.P.P.......#.....
####.....P.PP...P.........
#......PY.P.....#.......
#..P.P†@PP.P............
#....PP####PP.P...#....)
#......#>(#P.....###..))
#...P.P#..'[....#####...
##...P.####P.P.......#.#
#....P.......P....#...#
##..P.P...P............ #######
##.P.P.P.PP............
#.....####....P....P............


You could see a yak.

Vanquished Creatures
  The ghost of Fiveotanaka the Basher, an experienced OgHu of Ru (D:8)
  Pikel (D:7)
  Edmund (D:7)
  A deep elf mage (D:9)
  6 yaks (D:9)
  A deep elf fighter (D:9)
  A hungry ghost (D:8)
  A mottled dragon (D:7)
  A hippogriff (D:7)
  An orc warrior (D:8)
  An ice beast (D:5)
  3 sky beasts
  2 slaves (D:7)
  A centaur (D:5)
  A necrophage (D:7)
  3 ogres
  Sigmund (D:7)
  Duvessa (D:9)
  12 big kobolds
  3 giant frogs
  2 killer bees (D:9)
  A scorpion (D:4)
  10 wights
  6 crimson imps
  A centaur zombie (D:9)
  Dowan (D:9)
  3 goliath beetles
  5 orc priests
  2 jellies
  A centaur skeleton (D:8)
  A giant frog skeleton (D:9)
  6 hounds
  8 orc wizards
  An iguana (D:7)
  5 worker ants
  A mummy (D:7)
  A worker ant zombie (D:7)
  10 adders
  7 gnolls
  3 shadow imps
  A giant mite (D:9)
  4 worms
  2 adder skeletons (D:7)
  3 giant geckos
  14 orcs
  A ball python (D:1)
  28 bats
  7 giant cockroaches
  20 goblins
  16 hobgoblins
  10 jackals
  58 kobolds
  6 quokkas
  A giant newt (D:5)
  3 giant spores (D:6)
  A jackal skeleton (D:6)
  A quokka skeleton (D:5)
  2 quokka zombies (D:5)
  26 rats
  7 ballistomycetes (D:6)
329 creatures vanquished.

Vanquished Creatures (others)
  2 slaves (D:7)
  A sky beast (D:7)
  A wight (D:7)
  An adder skeleton (D:6)
  2 giant spores (D:6)
  3 fungi (D:9)
10 creatures vanquished.

Grand Total: 339 creatures vanquished

Notes
Turn   | Place    | Note
--------------------------------------------------------------
     0 | D:1      | Fiveotanaka, the Ogre Hunter, began the quest for the Orb.
     0 | D:1      | Reached XP level 1. HP: 22/22 MP: 1/1
   184 | D:1      | Reached XP level 2. HP: 10/29 MP: 2/2
   400 | D:1      | Reached skill level 1 in Maces & Flails
  1062 | D:2      | Reached XP level 3. HP: 33/36 MP: 3/3
  1348 | D:2      | Reached XP level 4. HP: 28/44 MP: 4/4
  2143 | D:2      | Reached skill level 5 in Maces & Flails
  2196 | D:2      | Noticed a moth of wrath
  2197 | D:2      | Found a bloodstained altar of Trog.
  2466 | D:3      | Reached XP level 5. HP: 47/50 MP: 5/5
  2999 | D:3      | Reached skill level 6 in Maces & Flails
  3297 | D:3      | Noticed a big kobold
  3324 | D:3      | Killed a big kobold
  3324 | D:3      | Reached skill level 7 in Maces & Flails
  3324 | D:3      | Reached XP level 6. HP: 11/59 MP: 6/6
  3610 | D:3      | Noticed a big kobold
  3611 | D:3      | Noticed a big kobold
  3667 | D:3      | Killed a big kobold
  3674 | D:3      | Killed a big kobold
  3674 | D:3      | Reached skill level 8 in Maces & Flails
  4056 | D:3      | Noticed a big kobold
  4066 | D:3      | Killed a big kobold
  4066 | D:3      | Reached XP level 7. HP: 48/66 MP: 7/7
  4162 | D:3      | Noticed a big kobold
  4176 | D:3      | Noticed a big kobold
  4180 | D:3      | Killed a big kobold
  4180 | D:3      | Reached skill level 9 in Maces & Flails
  4185 | D:3      | Killed a big kobold
  4509 | D:3      | Noticed a big kobold
  4510 | D:3      | Noticed a big kobold
  4530 | D:3      | Noticed a big kobold
  4558 | D:3      | Killed a big kobold
  4558 | D:3      | Reached skill level 5 in Throwing
  4563 | D:3      | Killed a big kobold
  4563 | D:3      | Reached skill level 10 in Maces & Flails
  4710 | D:3      | Noticed a big kobold
  4728 | D:3      | Killed a big kobold
  4738 | D:3      | Reached XP level 8. HP: 33/74 MP: 8/8
  4835 | D:3      | Killed a big kobold
  5371 | D:4      | Found Prisuff's Magic Scroll Boutique.
  5383 | D:4      | Bought a scroll of noise for 12 gold pieces
  5383 | D:4      | Bought a scroll of identify for 24 gold pieces
  5383 | D:4      | Bought a scroll of remove curse for 36 gold pieces
  5383 | D:4      | Bought a scroll of fog for 24 gold pieces
  5383 | D:4      | Bought a scroll of blinking for 90 gold pieces
  5433 | D:4      | Found Muama's Magic Scroll Boutique.
  5436 | D:4      | Bought a scroll of random uselessness for 13 gold pieces
  5436 | D:4      | Bought a scroll of teleportation for 39 gold pieces
  5484 | D:4      | Found Imninaw's Food Shoppe.
  5582 | D:4      | Found a radiant altar of Vehumet.
  5756 | D:4      | Got a crystal mace
  5757 | D:4      | Identified the +8 mace of Outrage {drain, rElec rF+ rC- Dex+2 Stlth+} (You found it on level 4 of the Dungeon)
  5914 | D:4      | Found an ancient bone altar of Kikubaaqudgha.
  5922 | D:4      | Found a snail-covered altar of Cheibriados.
  6185 | D:4      | Found Psatt's Food Shop.
  6441 | D:5      | Entered Level 5 of the Dungeon
  6518 | D:5      | Reached skill level 11 in Maces & Flails
  7046 | D:5      | Got a brightly glowing short sword
  7047 | D:5      | Identified the +10 short sword "Ploty" {pierce, rElec} (You found it on level 5 of the Dungeon)
  7779 | D:6      | Reached XP level 9. HP: 80/80 MP: 9/9
  7855 | D:6      | Got a bone war axe
  7862 | D:6      | Identified the +5 war axe of Breach {chop, rC++} (You found it on level 6 of the Dungeon)
  7880 | D:6      | Reached skill level 12 in Maces & Flails
  8082 | D:6      | Found a deep blue altar of Sif Muna.
  8290 | D:6      | Found a staircase to the Ecumenical Temple.
  8506 | D:6      | Found a shimmering altar of Xom.
  9174 | D:7      | Noticed Pikel
  9189 | D:7      | Killed Pikel
  9189 | D:7      | Reached skill level 13 in Maces & Flails
  9189 | D:7      | Reached skill level 5 in Dodging
  9427 | D:7      | Noticed Sigmund
  9454 | D:7      | Killed Sigmund
  9506 | D:7      | Reached XP level 10. HP: 77/84 MP: 10/10
  9550 | Temple   | Entered the Ecumenical Temple
  9607 | Temple   | Became a worshipper of Ru the Awakened
  9639 | D:7      | Noticed Edmund
  9651 | D:7      | Killed Edmund
 10149 | D:8      | Found Wacahemp's Antique Weapon Emporium.
 10171 | D:8      | Bought a glowing flail for 56 gold pieces
 10297 | D:8      | Noticed Fiveotanaka's ghost (experienced OgHu)
 10430 | D:8      | Killed Fiveotanaka's ghost
 10430 | D:8      | Reached skill level 14 in Maces & Flails
 10640 | D:8      | Found a snail-covered altar of Cheibriados.
 11214 | D:9      | Found a staircase to the Lair.
 11491 | D:9      | Reached skill level 15 in Maces & Flails
 11517 | D:9      | Noticed Dowan
 11530 | D:9      | Noticed Duvessa
 11562 | D:9      | Killed Duvessa
 11624 | D:9      | Killed Dowan
 11707 | D:9      | Found Gaovam's Assorted Antiques.
 11718 | D:9      | Bought a puce potion for 23 gold pieces
 11718 | D:9      | Bought a scroll labeled BESUXA SMUHOU for 26 gold pieces
 11718 | D:9      | Bought a scroll labeled GEIQUJAIHE for 26 gold pieces
 12026 | D:9      | Reached XP level 11. HP: 71/92 MP: 11/11
 12215 | D:10     | Entered Level 10 of the Dungeon
 12249 | D:9      | HP: 4/92 [yak (14)]
 12250 | D:9      | Slain by a yak

Action                   |  1- 3 |  4- 6 |  7- 9 | 10-12 || total
-------------------------+-------+-------+-------+-------++-------
Melee: Short sword       |    14 |       |       |       ||    14
       Club              |    78 |       |       |       ||    78
       Mace              |    31 |   114 |   192 |       ||   337
       Flail             |       |   110 |   140 |       ||   250
       Morningstar       |       |       |   121 |   308 ||   429
       Unarmed           |       |       |       |    52 ||    52
Throw: Stone             |     6 |    58 |    18 |    56 ||   138
       Large rock        |       |       |       |     3 ||     3
Invok: Reject Sacrifices |       |       |       |     1 ||     1
  Use: Scroll            |       |       |     6 |     3 ||     9
       Potion            |       |       |       |     1 ||     1
 Stab: Sleeping          |       |       |     5 |       ||     5
  Eat: Chunk             |     1 |     8 |    16 |    14 ||    39
       Royal jelly       |       |       |     1 |       ||     1
       Pizza             |       |       |     1 |       ||     1
